 Dungeon Crawl Stone Soup version 0.29-a0-323-g050149af67 (webtiles) character file.

Game seed: 2821019125120546230

9503 Jortsu the Basher (level 11, 0/105 HPs)
             Began as a Troll Hunter on Apr 11, 2022.
             Was a Plaything of Xom.
             Slain by a freezing wraith (23 damage)
             ... on level 10 of the Dungeon.
             The game lasted 00:32:54 (7756 turns).

Jortsu the Basher (Troll Hunter)                    Turns: 7756, Time: 00:32:56

Health: 0/105      AC: 12    Str: 21    XL:     11   Next: 23%
Magic:  8/8        EV: 12    Int:  5    God:    Xom [*.....]
Gold:   643        SH:  5    Dex: 17    Spells: 10/10 levels left

rFire   + . .      SeeInvis +   u - +1 giant spiked club (freeze)
rCold   . . .      Faith    .   (shield currently unavailable)
rNeg    . . .      Spirit   .   s - +0 acid dragon scales
rPois   +          Reflect  +   v - +2 hat {SInv}
rElec   .          Harm     .   D - +0 cloak
rCorr   +          Rampage  .   (gloves unavailable)
Will    .....                   (boots unavailable)
Stlth   ++........              w - amulet of reflection
HPRegen 1.07/turn               o - ring "Icvoicw" {Wiz rF+}
MPRegen 0.11/turn               k - ring of poison resistance

@: slowed, studying Throwing, very slow
A: large, unfitting armour, claws 3, regeneration 1, shaggy fur 1, tough skin 1,
antennae 1, low MP 1, passive freeze
a: Renounce Religion


You were on level 10 of the Dungeon.
You worshipped Xom.
You were a special plaything of Xom.
You visited 1 branch of the dungeon, and saw 10 of its levels.

You collected 643 gold pieces.

Inventory:

Hand Weapons
 a - a +1 hunting sling
 u - a +1 giant spiked club of freezing (weapon)
Missiles
 A - 4 large rocks (quivered)
 I - 3 throwing nets
Armour
 b - a +1 robe
 s - +0 acid dragon scales (worn)
 v - a +2 hat of see invisible (worn)
 D - a +0 cloak (worn)
Jewellery
 k - a ring of poison resistance (right claw)
 o - the ring "Icvoicw" (left claw) {Wiz rF+}
   (You found it on level 3 of the Dungeon)

   [ring of wizardry]

   It improves your spell success rate.
   rF:        It protects you from fire.
 p - a ring of magical power
 w - an amulet of reflection (around neck)
 B - a ring of fire
 G - a +6 ring of dexterity
Wands
 f - a wand of charming (1)
 g - a wand of iceblast (25)
 h - a wand of polymorph (16)
 l - a wand of paralysis (9)
Scrolls
 c - 2 scrolls of immolation
 e - 6 scrolls of teleportation
 j - a scroll of brand weapon
 q - a scroll of blinking
 y - 2 scrolls of vulnerability
 E - 2 scrolls of fog
 H - a scroll of identify
 J - a scroll of amnesia
Potions
 d - a potion of lignification
 i - 6 potions of curing
 m - 2 potions of berserk rage
 n - 3 potions of cancellation
 r - 3 potions of attraction
 t - a potion of resistance
 x - a potion of flight
 z - a potion of haste
 C - a potion of mutation
 F - 2 potions of magic {unknown}


   Skills:
 + Level 5.7 Fighting
 + Level 10.3 Maces & Flails
 + Level 4.8(5.0) Slings
 + Level 3.0(5.1) Throwing
 + Level 3.2 Armour
 + Level 5.4 Dodging
 + Level 2.8 Stealth
 + Level 2.5 Shields
 + Level 3.3 Unarmed Combat


You had 10 spell levels left.
You didn't know any spells.
Your spell library contained the following spells:

 Spells                   Type           Power      Damage    Failure   Level
 Sublimation of Blood     Necr           0%         N/A       38%         2
 Animate Dead             Necr           0%         N/A       92%         4
 Petrify                  Tmut/Erth      0%         N/A       92%         4
 Borgnjor's Vile Clutch   Necr/Erth      0%         N/A       99%         5
 Irradiate                Conj/Tmut      0%         3d13      99%         5
 Death Channel            Necr           0%         N/A       100%        6


Dungeon Overview and Level Annotations

Branches:
Dungeon (10/15)            Temple (0/1) D:7
   Lair: D:8-11         Orc: D:9-12

Altars:
Cheibriados
Kikubaaqudgha
Trog
Uskayaw
Vehumet
Xom

Shops:
D:1 (   D:5 !   D:7 (([(=

Annotations:
D:7 2 runed translucent doors, Beewulf's ghost, novice MiFi


Innate Abilities, Weirdness & Mutations

You are too large for most types of armour.
You have claws for hands.
Your natural rate of healing is unusually fast.
You are covered in fur. (AC +1)
You have tough skin. (AC +1)
You have a pair of small antennae on your head.
Your magical capacity is low. (-10% MP)
A frigid envelope surrounds you and freezes all who hurt you.


Message History

The freezing wraith closely misses you. The freezing wraith hits you!
The freezing wraith completely resists.
You hit the freezing wraith but do no damage.
The freezing wraith hits you but does no damage.
The freezing wraith completely resists.
The freezing wraith hits you! The freezing wraith drains your vigour!
You feel yourself slow down.
The freezing wraith completely resists.
You closely miss the freezing wraith.
The freezing wraith hits you but does no damage.
The freezing wraith completely resists.
The freezing wraith hits you! The freezing wraith drains your vigour!
You feel as though you will be slow longer.
The freezing wraith completely resists.
The freezing wraith barely misses you. x2
You barely miss the freezing wraith. The freezing wraith hits you!
The freezing wraith freezes you!
The freezing wraith completely resists.
The freezing wraith hits you.
The freezing wraith completely resists.
The freezing wraith hits you but does no damage.
The freezing wraith completely resists.
You block the freezing wraith's attack.
You hit the freezing wraith.
The freezing wraith is lightly damaged.
The freezing wraith closely misses you. The freezing wraith hits you.
The freezing wraith drains your vigour!
You feel as though you will be slow longer.
You block the freezing wraith's attack. The freezing wraith closely misses you.
You barely miss the freezing wraith.
The freezing wraith is lightly damaged.
The freezing wraith closely misses you. The freezing wraith barely misses you.
The freezing wraith hits you! The freezing wraith freezes you!
The freezing wraith completely resists.
The freezing wraith hits you but does no damage.
The freezing wraith completely resists.
You closely miss the freezing wraith.
The freezing wraith is lightly damaged.
The freezing wraith hits you. The freezing wraith freezes you!
The freezing wraith completely resists.
You block the freezing wraith's attack. The freezing wraith hits you!
* * * LOW HITPOINT WARNING * * *
The freezing wraith freezes you!!
You die...
Xom chuckles heartily!

#....).)#####.. #
#......)...... #
#.....K...###. #
#.....K.D## ###
#...))K..# ..# #####..o##
#.# #.....# #.#
#####K##### #.#
#....DoW@.# #####.##
#.###.###.####......#####
#.# #...##........).. #.#
###.........##### ..#
####......# # ###
#......# #####.## ..#
.###


You could see a fire dragon, an orc knight, a freezing wraith and a kobold
brigand.

Vanquished Creatures
  Harold (D:10)
  A centaur warrior (D:9)
  A two-headed ogre (D:8)
  Pikel (D:5)
  Maggie (D:7)
  2 kobold demonologists (D:10)
  2 trolls (D:9)
  Grinder (D:3)
  A hornet (D:8)
  A vampire (D:6)
  A wyvern (D:8)
  13 yaks
  Eustachio (D:6)
  A fire bat (D:9)
  A steam dragon (D:8)
  Menkaure (D:7)
  2 ice beasts
  Duvessa (D:7)
  A black bear (D:6)
  2 sky beasts (D:7)
  2 ogres
  3 centaurs
  2 lemures (D:5)
  A phantom (D:5)
  3 kobold brigands
  3 bullfrogs
  3 scorpions
  3 gnoll sergeants
  Dowan (D:7)
  2 killer bees (D:9)
  5 howler monkeys
  A jelly (D:6)
  A gnoll shaman (D:5)
  8 orc priests
  2 iguanas
  6 orc wizards
  14 gnolls
  9 adders
  A shadow imp (D:5)
  2 white imps
  An ufetubus (D:6)
  2 worms
  The ghost of Jortsu the Sneak, a weakling OpDe (D:5)
  2 dart slugs
  31 orcs
  4 bats
  2 bat zombies (D:7)
  8 endoplasms
  5 giant cockroaches
  11 hobgoblins
  10 jackals
  22 kobolds
  3 quokkas
  5 ball pythons
  6 goblins
  3 rats
  A rat zombie (D:7)
225 creatures vanquished.

Vanquished Creatures (collateral kills)
  3 gnolls (D:8)
3 creatures vanquished.

Vanquished Creatures (others)
  An orc priest (D:3)
  An orc (D:3)
  11 fungi
  14 plants
27 creatures vanquished.

Grand Total: 255 creatures vanquished

Notes
Turn   | Place    | Note
-------+----------+-------------------------------------------
     0 | D:1      | Jortsu the Troll Hunter began the quest for the Orb.
     0 | D:1      | Reached XP level 1. HP: 19/19 MP: 0/0
   184 | D:1      | Found Seib's Antique Weapon Emporium.
   345 | D:1      | Reached XP level 2. HP: 28/28 MP: 1/1
   937 | D:2      | Reached XP level 3. HP: 32/35 MP: 2/2
   942 | D:2      | Found a faded altar of an unknown god.
   949 | D:2      | Prayed at the altar of an unknown god.
   949 | D:2      | Became a worshipper of Xom of Ineffable Intent
  1202 | D:2      | Found a bloodstained altar of Trog.
  1265 | D:2      | XOM: noise
  1566 | D:3      | Reached XP level 4. HP: 42/42 MP: 3/3
  1569 | D:3      | XOM: potion effect (might)
  1572 | D:3      | XOM: noise
  1676 | D:3      | XOM: potion effect (invisibility)
  1875 | D:3      | Reached XP level 5. HP: 42/49 MP: 4/4
  2000 | D:3      | XOM: potion effect (brilliance)
  2012 | D:3      | XOM: destruction
  2072 | D:3      | HP: 2/49 [hobgoblin (1)]
  2077 | D:3      | XOM: smoke on damage
  2078 | D:3      | HP: 1/49 [gnoll/+0 spear (8)]
  2146 | D:3      | Identified the ring "Icvoicw" {Wiz rF+}
  2163 | D:3      | Noticed Grinder
  2173 | D:3      | XOM: enchant monster (bad)
  2180 | D:3      | Paralysed by Grinder for 7 turns
  2184 | D:3      | XOM: confuse monster(s)
  2190 | D:3      | Killed Grinder
  2191 | D:3      | Reached skill level 1 in Unarmed Combat
  2191 | D:3      | Reached XP level 6. HP: 42/59 MP: 5/5
  2446 | D:3      | XOM: summons 2 hostile shadow creatures
  2637 | D:4      | Reached XP level 7. HP: 55/66 MP: 6/6
  2665 | D:4      | Found a radiant altar of Vehumet.
  3020 | D:4      | XOM: cloud trail
  3021 | D:5      | Entered Level 5 of the Dungeon
  3066 | D:5      | XOM: enchant monster (good)
  3067 | D:5      | XOM: cast spell 'Alistair's Intoxication'
  3156 | D:5      | Reached skill level 1 in Maces & Flails
  3203 | D:5      | Found Ytin's Distillery.
  3212 | D:5      | XOM: confuse monster(s)
  3231 | D:5      | XOM: silly message
  3235 | D:5      | Reached skill level 2 in Maces & Flails
  3371 | D:5      | XOM: give mutations
  3371 | D:5      | Gained mutation: You have a pair of small antennae on your
                  | head. [Xom's grace]
  3371 | D:5      | Gained mutation: A frigid envelope surrounds you and
                  | freezes all who hurt you. [Xom's grace]
  3429 | D:5      | XOM: god gift: 48 gold pieces
  3434 | D:5      | XOM: 1-stop teleportation journey
  3505 | D:5      | XOM: confuse monster(s)
  3520 | D:5      | XOM: divination: detect items
  3535 | D:5      | Reached skill level 3 in Maces & Flails
  3535 | D:5      | Reached skill level 1 in Stealth
  3554 | D:5      | Noticed Pikel
  3594 | D:5      | Identified the +2 spear of Cafruf {elec, rCorr}
  3594 | D:5      | Identified the +1 scale mail of Keryodd {rPois Str+5 Dex+3}
  3594 | D:5      | Identified the +0 kite shield of the Lemon {+Inv}
  3600 | D:5      | Found a transporter.
  3620 | D:5      | Noticed Jortsu's ghost (weakling OpDe)
  3717 | D:5      | Found a transporter.
  3729 | D:5      | XOM: cast spell 'Call Canine Familiar'
  3741 | D:5      | Reached XP level 8. HP: 16/75 MP: 7/7
  3793 | D:5      | Killed Jortsu's ghost
  3820 | D:5      | XOM: silly message
  3895 | D:5      | Killed Pikel
  3896 | D:5      | Reached skill level 4 in Maces & Flails
  4289 | D:6      | Reached skill level 5 in Maces & Flails
  4401 | D:6      | Noticed Eustachio
  4423 | D:6      | Killed Eustachio
  4463 | D:6      | Reached XP level 9. HP: 60/84 MP: 8/8
  4504 | D:6      | XOM: confusion
  4591 | D:6      | Reached skill level 6 in Maces & Flails
  4597 | D:6      | Reached skill level 1 in Throwing
  4598 | D:6      | XOM: enchant monster (good)
  4604 | D:6      | Found a hide-covered altar of Uskayaw.
  4878 | D:6      | XOM: summons friendly iron imp
  5072 | D:6      | Found a snail-covered altar of Cheibriados.
  5099 | D:7      | Found Qayss's Jewellery Shop.
  5099 | D:7      | Found Maheunt's Weapon Boutique.
  5099 | D:7      | XOM: stealth player
  5118 | D:7      | Noticed Duvessa
  5121 | D:7      | Noticed Dowan
  5124 | D:7      | Killed Duvessa
  5133 | D:7      | Killed Dowan
  5273 | D:7      | Found an ancient bone altar of Kikubaaqudgha.
  5373 | D:7      | Noticed Maggie
  5373 | D:7      | Noticed Menkaure
  5380 | D:7      | XOM: enchant monster (good)
  5381 | D:7      | Killed Maggie
  5415 | D:7      | Killed Menkaure
  5416 | D:7      | Reached skill level 7 in Maces & Flails
  5614 | D:7      | XOM: 1-stop teleportation journey
  5723 | D:7      | Found a large runed translucent door.
  5723 | D:7      | Found a large runed translucent door.
  5726 | D:7      | Noticed Beewulf's ghost (novice MiFi)
  5732 | D:7      | Found Joptauv's Armour Boutique.
  5766 | D:7      | Found a staircase to the Ecumenical Temple.
  5806 | D:7      | XOM: give mutation
  5806 | D:7      | Gained mutation: Your magical capacity is low. (-10% MP)
                  | [Xom's mischief]
  5809 | D:7      | XOM: noise
  5820 | D:7      | XOM: confusion
  5851 | D:7      | XOM: 7-stop teleportation journey
  6072 | D:7      | Found Ecim Haxt's Antique Weapon Shoppe.
  6095 | D:7      | XOM: torment (45/87 hp)
  6277 | D:7      | Found Xeexaik's Weapon Emporium.
  6382 | D:7      | XOM: summons 4 hostile demons
  6467 | D:8      | Noticed a two-headed ogre
  6471 | D:8      | XOM: confusion
  6476 | D:8      | Killed a two-headed ogre
  6477 | D:8      | Reached skill level 5 in Fighting
  6477 | D:8      | Reached skill level 8 in Maces & Flails
  6477 | D:8      | Reached skill level 1 in Armour
  6477 | D:8      | Reached XP level 10. HP: 59/96 MP: 8/8
  6548 | D:8      | XOM: chaos upgrade
  6574 | D:8      | XOM: 5-stop teleportation journey
  6579 | D:8      | Reached skill level 1 in Shields
  6680 | D:8      | Reached skill level 5 in Dodging
  6836 | D:8      | XOM is BORED!
  6836 | D:8      | XOM: blink monster(s)
  6843 | D:8      | XOM: enchant monster (good)
  7014 | D:8      | XOM: cloud trail
  7091 | D:9      | Noticed a centaur warrior
  7102 | D:9      | Killed a centaur warrior
  7103 | D:9      | Reached skill level 9 in Maces & Flails
  7194 | D:9      | XOM: 1-stop teleportation journey
  7356 | D:9      | XOM: summons 1 hostile demon
  7471 | D:9      | XOM: polymorph killer bee -> fire bat
  7473 | D:9      | Reached XP level 11. HP: 104/104 MP: 8/8
  7594 | D:10     | Entered Level 10 of the Dungeon
  7602 | D:10     | XOM: confusion (+ monsters)
  7606 | D:10     | XOM: confuse monster(s)
  7607 | D:10     | XOM: confusion
  7626 | D:10     | Reached skill level 10 in Maces & Flails
  7631 | D:10     | XOM: chaos upgrade
  7656 | D:10     | Noticed Harold
  7663 | D:10     | XOM: summons 7 friendly demons
  7668 | D:10     | Killed Harold
  7683 | D:10     | XOM: 1-stop teleportation journey
  7736 | D:10     | Identified the ring "Biluel" {Drain Str+6 Slay+2 Stlth+}
  7736 | D:10     | Noticed an orc knight
  7737 | D:10     | Noticed a fire dragon
  7756 | D:10     | Slain by a freezing wraith

Illustrated notes

Levels and vault maps discovered:
D:1:      evilmike_arrival_home_sweet_home, layout_basic, serial_shops,
          nicolae_shop_crystal
D:2:      layout_basic, shapermc_ecumenical_altar_mp_highgroup, basic_altar
D:3:      layout_basic, minmay_misc_feat_cross, minmay_randomly_rotated_circles,
          uniq_grinder
D:4:      kennysheep_big_flooded_room, layout_rooms, vehumet_crystals,
          st_stairs_14, minivault_24
D:5:      layout_loops_cross, serial_shops, nicolae_stop_n_shop_1,
          gammafunk_ghost_gnarly_gnolls, water_boxes_lemuel, uniq_pikel
D:6:      layout_loops_ring, nicolae_uskayaw_dance_hall,
          lemuel_coloured_pillars_altar, uniq_eustachio
D:7:      layout_rooms, lemuel_zombie_altar_kikubaaqudgha,
          minmay_temple_entry_tees, ebering_ghost_disaster_area,
          serial_co_window_serial, co_window_corner_a, co_window_paths_a,
          co_window_corner_a, co_window_corner_a, co_window_paths_a,
          co_window_cross_4, co_window_broadway_b, co_window_unsneaky_path_c,
          co_window_broadway_b, co_window_broadway_b,
          co_window_of_opportunity_b, co_window_paths_e, glass_columns_b,
          glass_columns_a, glass_columns_b, glass_columns_a, serial_shops,
          nicolae_square_shop, nicolae_shop_window_shopping,
          nicolae_lakefront_shop, shop_fountains, shop, uniq_maggie,
          uniq_menkaure, uniq_duvessa
D:8:      layout_basic
D:9:      layout_roguey, kennysheep_boxes
D:10:     layout_roguey, pdpol_wu_jian_five_deadly_venoms,
          grunt_lair_entry_orc_guard_hut, zombieorc2_lemuel, special_room
          [special_room_orc], minmay_radiant, uniq_sonja, uniq_harold

Skill      XL: |  1  2  3  4  5  6  7  8  9 10 11 |
---------------+----------------------------------+-----
Slings         | 3 4 |  4.8
Fighting       | 2 3 4 5 |  5.7
Dodging        | 2 3 4 5 |  5.4
Unarmed Combat | 1 2 3 |  3.3
Maces & Flails | 3 5 8 9 10 | 10.3
Stealth        | 1 2 |  2.8
Throwing       | 2 3 |  3.0
Armour         | 1 2 3 |  3.2
Shields        | 2 |  2.5

Action                   |  1- 3 |  4- 6 |  7- 9 | 10-12 || total
-------------------------+-------+-------+-------+-------++-------
Melee: Unarmed           |       |    71 |    15 |       ||    86
       Punch             |       |     1 |       |       ||     1
       Giant spiked club |       |       |   173 |   140 ||   313
       Giant club        |       |       |    43 |       ||    43
 Fire: Hunting sling     |   120 |    79 |       |       ||   199
Throw: Large rock        |       |       |    18 |     1 ||    19
  Use: Scroll            |     8 |     4 |    10 |     3 ||    25
       Potion            |       |     1 |     5 |       ||     6
 Stab: Confused          |       |     1 |     2 |     1 ||     4
       Sleeping          |       |       |     1 |     2 ||     3
       Paralysed         |       |       |     2 |       ||     2
Armor: Robe              |    20 |    41 |    68 |       ||   129
       Acid dragon scale |       |       |    26 |    53 ||    79
Dodge: Dodged            |    32 |    88 |   191 |    89 ||   400
Block: Other             |       |       |    14 |    42 ||    56
       Reflection        |       |       |     1 |     2 ||     3

Table legend: (Time is in decaauts)
 A = Elapsed time spent in this place.
 B = Non-inter-level travel time spent in this place.
 C = Inter-level travel time spent in this place.
 D = Time resting spent in this place.
 E = Time spent auto-exploring this place.
 F = Levels seen in this place.
 G = Mean time per level.
                   A        B        C        D        E       F      G
               +--------+--------+--------+--------+--------+-----+--------+
         Total |   7988 |   7876 |    112 |    457 |   4861 |  10 |  798.8 |
       Dungeon |   7988 |   7876 |    112 |    457 |   4861 |  10 |  798.8 |
               +--------+--------+--------+--------+--------+-----+--------+

Top non-repeatable levels by time:
     D:7: 1348 daAuts
     D:5: 1287 daAuts
     D:3: 1025 daAuts
     D:6: 862 daAuts
     D:1: 830 daAuts
     D:2: 769 daAuts
     D:8: 631 daAuts
     D:9: 575 daAuts
     D:4: 476 daAuts
    D:10: 180 daAuts
